 Dungeon Crawl Stone Soup version 0.18-a0-750-g37044d6 (webtiles) character file.

145 Proton the Skirmisher (level 5, -3/49 HPs)
             Began as a Naga Fighter on Dec 12, 2015.
             Slain by an ogre
             ... wielding a +0 giant club
              (16 damage)
             ... on level 4 of the Dungeon.
             The game lasted 00:05:12 (2488 turns).

Proton the Skirmisher (Naga Fighter)                Turns: 2488, Time: 00:05:12

Health: -3/49      AC:  6    Str: 19    XL:     5   Next: 27%
Magic:  5/5        EV:  3    Int:  8    God:
Gold:   137        SH:  9    Dex: 11    Spells: 0 memorised, 4 levels left

rFire  . . .     SeeInvis +     a - +0 flail
rCold  . . .     Clarity  .     j - +0 chain mail
rNeg   . . .     SustAt   .     c - +0 shield
rPois  +         Gourm    .     (no helmet)
rElec  .         Spirit   .     (no cloak)
rCorr  .         Dismiss  .     (no gloves)
rMut   .         Stasis   .     (no barding)
MR     .....                    (no amulet)
Stlth  ..........               (no ring)
                                g - ring of wizardry

@: short of breath, very slow, not resistant to hostile enchantments, extremely
unstealthy
A: see invisible, deformed body, poison resistance, slowness 2, slow metabolism
1, spit poison 2, AC +1
a: Spit Poison


You were on level 4 of the Dungeon.
You were not hungry.

You visited 1 branch of the dungeon, and saw 4 of its levels.

You collected 137 gold pieces.

Inventory:

Hand Weapons
 a - a +0 flail (weapon)
Armour
 c - a +0 shield (worn)
 j - a +0 chain mail (worn)
Jewellery
 g - a ring of wizardry (left hand)
Scrolls
 b - a scroll of recharging {unknown}
 i - 3 scrolls of remove curse
 l - 2 scrolls of magic mapping {unknown}
 m - 2 scrolls of identify {unknown}
 o - a scroll of teleportation {unknown}
Potions
 d - a potion of might
 h - a potion of curing {unknown}
 k - a potion of mutation {unknown}
Comestibles
 e - 2 bread rations
 f - 3 meat rations


   Skills:
 + Level 3.5 Fighting
 + Level 3.0 Maces & Flails
 + Level 3.0 Armour
 + Level 1.5 Dodging
 + Level 3.1 Shields


You had 4 spell levels left.
You didn't know any spells.

Dungeon Overview and Level Annotations

Branches:
Dungeon (4/15)
 Temple: D:4-7

Altars:
Dithmenos
Gozag
Nemelex Xobeh
Pakellas
Qazlal


Innate Abilities, Weirdness & Mutations

You cannot wear boots.
Your serpentine skin is tough (AC +1).
You have supernaturally acute eyesight.
Armour fits poorly on your strangely shaped body.
Your system is resistant to poisons.
You cover ground very slowly.
You have a slow metabolism.
You can spit poison.


Message History

No target in view!
No target in view!
No target in view!
No target in view!
Found 4 exploding tomahawks.
An ogre comes into view. It is wielding a giant club.
A hound comes into view.
The hound barks!
The ogre shouts!
The ogre hits you with a giant club!
Found a stone staircase leading down.
Press: ? - help, Shift-Dir - straight line, f - ogre
Aim: an ogre, wielding a giant club The splash of poison hits the ogre.
The ogre is poisoned.
The ogre is moderately wounded.
You feel slightly more hungry. The ogre hits you with a giant club!!
* * * LOW HITPOINT WARNING * * *
You hit the ogre.
The ogre is moderately wounded.
The ogre hits you with a giant club!
You die...

...#. #.... ##....
....#.#
.......######
........##<.##.##
......(.#.......#
#......@.†..####.#
#.####O####.# #h
.# #. .# #. .. #.
.< >. ##


You could see an ogre and a hound.

Vanquished Creatures
  4 adders (D:3)
  4 gnolls
  3 orcs (D:3)
  2 giant cockroaches
  11 goblins
  7 hobgoblins
  6 jackals
  2 quokkas
  3 ball pythons
  4 bats
  2 giant geckos (D:1)
  3 giant newts
  8 kobolds
  6 rats
65 creatures vanquished.

Notes
Turn   | Place    | Note
--------------------------------------------------------------
     0 | D:1      | Proton the Naga Fighter began the quest for the Orb.
     0 | D:1      | Reached XP level 1. HP: 21/21 MP: 1/1
   186 | D:1      | Reached XP level 2. HP: 20/28 MP: 2/2
   748 | D:2      | Found a shadowy altar of Dithmenos.
   793 | D:2      | Reached XP level 3. HP: 32/34 MP: 3/3
   971 | D:2      | Found a faded altar to an unknown god.
  1036 | D:2      | Found an oddly glowing altar of Pakellas.
  1142 | D:2      | Found an opulent altar of Gozag.
  1196 | D:3      | Found a stormy altar of Qazlal.
  1448 | D:3      | Reached skill level 1 in Dodging
  1448 | D:3      | Reached XP level 4. HP: 39/42 MP: 4/4
  2131 | D:3      | Reached XP level 5. HP: 30/49 MP: 5/5
  2398 | D:3      | Found a sparkling altar of Nemelex Xobeh.
  2486 | D:4      | Noticed an ogre
  2488 | D:4      | Slain by an ogre

Vault maps used:
D:1:      dpeg_arrival_rooms_c, minmay_misc_feat_rows, kennysheep_doodads,
          kennysheep_crisscross
D:2:      grunt_gozag_breadcrumbs, grunt_pakellas_basics, ecumenical_altar_2,
          nicolae_dithmenos_shadow_blocks
D:3:      nemelex_xobeh_ov_fountains_minmay, st_stairs_1, grunt_qazlal_sundering
D:4:      first_bread

Action                   |  1- 3 |  4- 6 || total
-------------------------+-------+-------++-------
Melee: Flail             |    86 |    75 ||   161
       Whip              |   115 |    60 ||   175
 Abil: Spit Poison       |     6 |     6 ||    12
  Use: Scroll            |       |     1 ||     1
  Eat: Bread ration      |     1 |       ||     1
       Pizza             |       |     1 ||     1
